[Event "WYCC 2018 G14"]
[Site "Halkidiki"]
[Date "2018.10.26"]
[Round "7"]
[White "Hernandez Guerra, Luna Yue"]
[Black "Murzina, Agata"]
[Result "1-0"]
[ECO "C05"]
[WhiteElo "1659"]
[BlackElo "1768"]
[Annotator "NA"]
[PlyCount "75"]
[EventDate "2018.10.20"]
[EventType "swiss"]
[EventCountry "GRE"]
[SourceTitle "playchess.com"]
[Source "ChessBase"]
[SourceQuality "1"]
[TimeControl "40/5400+30:1800+30"]

1. e4 e6 2. d4 d5 3. Nd2 Nf6 4. e5 Nfd7 5. f4 c5 6. c3 Nc6 7. Ndf3 Qa5 8. Be3 b5 9. Bd3 b4 10. Ne2 Be7 11. O-O O-O 12. Qe1 Ba6 13. Bc2 Nb6 14. Ng5 g6 15. Rf3 Bxe2 16. Qxe2 bxc3 17. bxc3 Qxc3 18. Rd1 cxd4 19. Bf2 Qa5 20. Rh3 Bxg5 21. fxg5 Kg7 22. Qf3 Nd7 23. Be1 Qxa2 24. Rxh7+ Kxh7 25. Qh5+ Kg8 26. Bxg6 fxg6 27. Qxg6+ Kh8 28. Rd3 Rf1+ 29. Kxf1 Qc4 30. Kg1 Qxd3 31. Qxd3 Nf8 32. Qf3 a5 33. Qf6+ Kg8 34. g6 Ra7 35. Bd2 Ne7 36. Qf7+ Kh8 37. g7+ Kh7 38. g8=Q# 1-0

[Event "WYCC 2018 G14"]
[Site "Halkidiki"]
[Date "2018.10.26"]
[Round "7"]
[White "Kong, Sydney"]
[Black "Velea, Anne-Marie"]
[Result "0-1"]
[ECO "D00"]
[WhiteElo "1659"]
[BlackElo "1859"]
[Annotator "NA"]
[PlyCount "96"]
[EventDate "2018.10.20"]
[EventType "swiss"]
[EventCountry "GRE"]
[SourceTitle "playchess.com"]
[Source "ChessBase"]
[SourceQuality "1"]
[TimeControl "40/5400+30:1800+30"]

1. d4 d5 2. Bf4 Nf6 3. e3 e6 4. Nf3 c5 5. c3 Bd6 6. Bxd6 Qxd6 7. Nbd2 Nc6 8. Bd3 O-O 9. O-O e5 10. dxe5 Nxe5 11. Nxe5 Qxe5 12. h3 b6 13. Re1 Bb7 14. Qe2 Rad8 15. Rad1 Rfe8 16. Ba6 Ba8 17. Bb5 Re6 18. e4 dxe4 19. Nxe4 Rxd1 20. Nxf6+ Qxf6 21. Qxd1 Qg5 22. g3 Qd5 23. f3 Rxe1+ 24. Qxe1 h6 25. Be2 Qxa2 26. Bd3 Qe6 27. Qxe6 fxe6 28. Kf2 Kf7 29. Ke3 Bb7 30. h4 Kf6 31. b4 cxb4 32. cxb4 a5 33. bxa5 bxa5 34. Bb5 Ke5 35. g4 Kd5 36. f4 Kc5 37. Bd3 a4 38. Bb1 a3 39. h5 Bd5 40. g5 a2 41. Bxa2 Bxa2 42. Ke4 Kd6 43. gxh6 gxh6 44. Ke3 Kd5 45. Kf3 Kd4 46. Kf2 Ke4 47. Kg3 Bb3 48. Kg4 Bd1+ 0-1

[Event "WYCC 2018 G14"]
[Site "Halkidiki"]
[Date "2018.10.26"]
[Round "7"]
[White "Figueroa Bernal, Julia Dennis"]
[Black "Lomaia, Diana"]
[Result "1/2-1/2"]
[ECO "B90"]
[WhiteElo "1650"]
[BlackElo "1876"]
[Annotator "NA"]
[PlyCount "114"]
[EventDate "2018.10.20"]
[EventType "swiss"]
[EventCountry "GRE"]
[SourceTitle "playchess.com"]
[Source "ChessBase"]
[SourceQuality "1"]
[TimeControl "40/5400+30:1800+30"]

1. e4 c5 2. Nf3 d6 3. d4 cxd4 4. Nxd4 Nf6 5. Nc3 a6 6. f3 e5 7. Nb3 Be6 8. Be3 Be7 9. Qd2 Nbd7 10. g4 Rc8 11. g5 Nh5 12. O-O-O O-O 13. Nd5 Bxd5 14. exd5 g6 15. Kb1 Qc7 16. Bh3 f5 17. gxf6 Bxf6 18. Bg4 Nf4 19. Bxf4 exf4 20. Nd4 Bxd4 21. Be6+ Kg7 22. Qxd4+ Rf6 23. Rd2 Ne5 24. Rf2 Qc5 25. Qxc5 Rxc5 26. b3 Rc3 27. Rhf1 Rf8 28. Kb2 Re3 29. Kc1 Nf7 30. h4 Nh6 31. Kd2 Nf5 32. Bxf5 Rxf5 33. c4 Rfe5 34. Rg1 b5 35. Rb1 Rh5 36. Re2 Rxe2+ 37. Kxe2 Rxh4 38. cxb5 axb5 39. a4 Rh2+ 40. Kd3 bxa4 41. bxa4 Ra2 42. Rb4 g5 43. Kc4 h5 44. Kb5 h4 45. a5 h3 46. Rb1 h2 47. Rh1 Kf6 48. a6 Ke5 49. Kb6 Kxd5 50. a7 Rb2+ 51. Kc7 Ra2 52. Kb7 Rb2+ 53. Kc7 Ra2 54. Kb7 Rb2+ 55. Kc7 Rc2+ 56. Kb7 Rb2+ 57. Kc7 Rc2+ 1/2-1/2

[Event "WYCC 2018 G14"]
[Site "Halkidiki"]
[Date "2018.10.26"]
[Round "7"]
[White "Tien, Sophie"]
[Black "Kouta, Antonia"]
[Result "1-0"]
[ECO "B51"]
[WhiteElo "1648"]
[BlackElo "1812"]
[Annotator "NA"]
[PlyCount "95"]
[EventDate "2018.10.20"]
[EventType "swiss"]
[EventCountry "GRE"]
[SourceTitle "playchess.com"]
[Source "ChessBase"]
[SourceQuality "1"]
[TimeControl "40/5400+30:1800+30"]

1. e4 c5 2. Nf3 d6 3. Bb5+ Nd7 4. c3 Ngf6 5. Qe2 a6 6. Bd3 g6 7. Bc2 b5 8. O-O Bb7 9. d4 cxd4 10. cxd4 e6 11. Bg5 Qb8 12. Nbd2 Bg7 13. Rfe1 h6 14. Be3 O-O 15. Rac1 Bc6 16. Bb1 Rc8 17. h3 Nb6 18. b3 Qb7 19. Bf4 Ne8 20. Nf1 a5 21. Ng3 a4 22. Qd2 Kh7 23. h4 h5 24. Qd3 Kg8 25. Bd2 axb3 26. axb3 Nd7 27. Ng5 Nf8 28. Bc3 e5 29. d5 Bd7 30. Bb4 Bh6 31. Bd2 Bg7 32. Bc2 Nf6 33. Bd1 Bg4 34. f3 Bd7 35. Be2 N8h7 36. Nxh7 Kxh7 37. f4 Rab8 38. f5 b4 39. Qe3 Ra8 40. Rf1 Bb5 41. Bxb5 Qxb5 42. fxg6+ fxg6 43. Rxf6 Bxf6 44. Qh6+ Kg8 45. Qxg6+ Bg7 46. Rxc8+ Rxc8 47. Qe6+ Kh7 48. Qf5+ 1-0

[Event "WYCC 2018 G14"]
[Site "Halkidiki"]
[Date "2018.10.26"]
[Round "7"]
[White "Kumar, Arya"]
[Black "Kasaeva, Sofiia"]
[Result "1-0"]
[ECO "C45"]
[WhiteElo "1619"]
[BlackElo "1874"]
[Annotator "NA"]
[PlyCount "85"]
[EventDate "2018.10.20"]
[EventType "swiss"]
[EventCountry "GRE"]
[SourceTitle "playchess.com"]
[Source "ChessBase"]
[SourceQuality "1"]
[TimeControl "40/5400+30:1800+30"]

1. e4 e5 2. Nf3 Nc6 3. d4 exd4 4. Nxd4 Nf6 5. Nxc6 bxc6 6. e5 Qe7 7. Qe2 Nd5 8. c4 Ba6 9. b3 g6 10. f4 Bg7 11. Qf2 Nf6 12. Ba3 Qe6 13. Nc3 Ng4 14. Qe2 d6 15. h3 Nh6 16. Ne4 O-O 17. O-O-O Rfe8 18. Qf3 dxe5 19. Nc5 Qc8 20. Qxc6 Bf8 21. Bb2 Bxc5 22. Qxc5 Nf5 23. Bxe5 Qe6 24. g4 Ne7 25. Bg2 Rad8 26. Rhe1 Rxd1+ 27. Rxd1 f6 28. Bc3 Qe2 29. Rd2 Qe1+ 30. Kc2 Qe6 31. Bf3 Kf7 32. Qxc7 Rc8 33. Qd6 Re8 34. Qxe6+ Kxe6 35. Bxf6 Kxf6 36. Rd6+ Kg7 37. Rxa6 Nc8 38. Kd3 Rd8+ 39. Bd5 Rf8 40. Ke3 Re8+ 41. Re6 Rd8 42. Rc6 Re8+ 43. Kf3 1-0

[Event "WYCC 2018 G14"]
[Site "Halkidiki"]
[Date "2018.10.26"]
[Round "7"]
[White "Alimova, Sevinch"]
[Black "Jaufarally, Nadia"]
[Result "1-0"]
[ECO "E81"]
[WhiteElo "1596"]
[BlackElo "1810"]
[Annotator "NA"]
[PlyCount "61"]
[EventDate "2018.10.20"]
[EventType "swiss"]
[EventCountry "GRE"]
[SourceTitle "playchess.com"]
[Source "ChessBase"]
[SourceQuality "1"]
[TimeControl "40/5400+30:1800+30"]

1. d4 Nf6 2. c4 g6 3. Nc3 Bg7 4. e4 d6 5. f3 O-O 6. Be3 a6 7. Qd2 Nc6 8. Nge2 Bd7 9. g3 Rb8 10. Bg2 b5 11. c5 Na5 12. cxd6 cxd6 13. b3 e5 14. O-O b4 15. Nd1 Nh5 16. g4 Nf6 17. Nf2 Re8 18. Rfd1 Bb5 19. Ng3 Nc6 20. dxe5 dxe5 21. g5 Nh5 22. Nxh5 gxh5 23. Qe1 Qe7 24. Nd3 a5 25. Qh4 Nd4 26. Bxd4 exd4 27. Qxh5 Rec8 28. Bf1 Rc2 29. Qg4 Rbc8 30. h4 Bc6 31. Qxc8+ 1-0

[Event "WYCC 2018 G14"]
[Site "Halkidiki"]
[Date "2018.10.26"]
[Round "7"]
[White "Pandey, Divya"]
[Black "Randrianarimanana, Alicia"]
[Result "1/2-1/2"]
[ECO "E61"]
[WhiteElo "1523"]
[BlackElo "1947"]
[Annotator "NA"]
[PlyCount "83"]
[EventDate "2018.10.20"]
[EventType "swiss"]
[EventCountry "GRE"]
[SourceTitle "playchess.com"]
[Source "ChessBase"]
[SourceQuality "1"]
[TimeControl "40/5400+30:1800+30"]

1. d4 Nf6 2. c4 g6 3. Nc3 Bg7 4. Bg5 O-O 5. Nf3 c5 6. e3 d6 7. Be2 h6 8. Bh4 Bf5 9. O-O Nbd7 10. h3 g5 11. Bg3 Ne4 12. Nxe4 Bxe4 13. Nd2 Bg6 14. Nb3 b6 15. Bd3 f5 16. f4 e5 17. dxe5 dxe5 18. Qc2 e4 19. Be2 gxf4 20. Bxf4 Ne5 21. Rad1 Qe7 22. Rd2 Rad8 23. Rfd1 Bf7 24. Nc1 Rxd2 25. Rxd2 Rd8 26. b3 Rxd2 27. Qxd2 Qd7 28. Qxd7 Nxd7 29. Bd1 Kh7 30. g4 Bb2 31. Ne2 fxg4 32. hxg4 Ne5 33. Bxe5 Bxe5 34. Bc2 Bg6 35. Kg2 Kg7 36. Ng3 Kf6 37. Nxe4+ Bxe4+ 38. Bxe4 Bb2 39. Kf3 Ke5 40. Bd3 Bc3 41. Bc2 Bb2 42. Bd3 1/2-1/2

[Event "WYCC 2018 G14"]
[Site "Halkidiki"]
[Date "2018.10.26"]
[Round "7"]
[White "Wang, Isabelle"]
[Black "Bellahcene, Sofia"]
[Result "1/2-1/2"]
[ECO "B38"]
[WhiteElo "1416"]
[BlackElo "1764"]
[Annotator "NA"]
[PlyCount "87"]
[EventDate "2018.10.20"]
[EventType "swiss"]
[EventCountry "GRE"]
[SourceTitle "playchess.com"]
[Source "ChessBase"]
[SourceQuality "1"]
[TimeControl "40/5400+30:1800+30"]

1. e4 c5 2. Nf3 Nc6 3. d4 cxd4 4. Nxd4 g6 5. c4 Bg7 6. Be3 Nf6 7. Nc3 d6 8. Be2 Nxd4 9. Bxd4 O-O 10. O-O Bd7 11. Qd2 Bc6 12. f3 a5 13. Rab1 Nd7 14. Be3 Nc5 15. b3 Qb6 16. Rfc1 Qb4 17. Nd5 Bxd5 18. exd5 Qxd2 19. Bxd2 Bd4+ 20. Kh1 e5 21. dxe6 fxe6 22. Bc3 Bxc3 23. Rxc3 e5 24. Kg1 Ne6 25. Bd3 Rac8 26. Be4 Nf4 27. Rc2 b6 28. Rd2 Rf6 29. Rbd1 Rd8 30. g3 Nh3+ 31. Kg2 Ng5 32. Bd5+ Kg7 33. h4 Ne6 34. Bxe6 Rxe6 35. Rd5 Kf6 36. Rb5 Rb8 37. b4 Ra8 38. a4 axb4 39. Rxb4 Rc8 40. Rxb6 Rxc4 41. Rdxd6 Rxd6 42. Rxd6+ Kf5 43. Ra6 Rc2+ 44. Kh3 1/2-1/2

[Event "WYCC 2018 G14"]
[Site "Halkidiki"]
[Date "2018.10.26"]
[Round "7"]
[White "Jayatilaka, W M M Amodya"]
[Black "Gabbani, Sara"]
[Result "0-1"]
[ECO "A20"]
[WhiteElo "1379"]
[BlackElo "1764"]
[Annotator "NA"]
[PlyCount "104"]
[EventDate "2018.10.20"]
[EventType "swiss"]
[EventCountry "GRE"]
[SourceTitle "playchess.com"]
[Source "ChessBase"]
[SourceQuality "1"]
[TimeControl "40/5400+30:1800+30"]

1. c4 e5 2. g3 Nf6 3. Bg2 Nc6 4. Nc3 Bc5 5. e4 a6 6. Nge2 d6 7. h3 Be6 8. d3 h6 9. O-O O-O 10. Nd5 Nd4 11. Be3 Nxe2+ 12. Qxe2 Bxe3 13. Nxf6+ Qxf6 14. Qxe3 Rae8 15. a3 c6 16. Rac1 Qe7 17. Rfe1 Qd7 18. g4 f6 19. d4 Bf7 20. d5 cxd5 21. cxd5 Rc8 22. Rxc8 Rxc8 23. Rc1 Rc7 24. Rxc7 Qxc7 25. Qc3 Qxc3 26. bxc3 h5 27. f3 h4 28. Kf2 Kf8 29. Ke3 g5 30. Bf1 Ke7 31. Kd3 Be8 32. c4 Kd7 33. Kc3 Kc7 34. Kb4 Kb6 35. Bd3 a5+ 36. Kb3 Kc5 37. Kc3 Ba4 38. Be2 b6 39. Kd3 b5 40. Kc3 b4+ 41. axb4+ axb4+ 42. Kd2 Bb3 43. Kc1 Bxc4 44. Bxc4 Kxc4 45. Kc2 b3+ 46. Kb2 Kb4 47. Kb1 Kc3 48. Kc1 b2+ 49. Kb1 Kd3 50. Kxb2 Ke3 51. Kc3 Kxf3 52. Kd3 Kf4 {[%emt 0:00:09] Kd4} 0-1

[Event "WYCC 2018 G14"]
[Site "Halkidiki"]
[Date "2018.10.27"]
[Round "8"]
[White "Ning, Kaiyu"]
[Black "Garifullina, Leya"]
[Result "1-0"]
[ECO "E12"]
[WhiteElo "2217"]
[BlackElo "2106"]
[Annotator "NA"]
[PlyCount "62"]
[EventDate "2018.10.20"]
[EventType "swiss"]
[EventCountry "GRE"]
[SourceTitle "playchess.com"]
[Source "ChessBase"]
[SourceQuality "1"]
[TimeControl "40/5400+30:1800+30"]

1. d4 Nf6 2. c4 e6 3. Nf3 b6 4. a3 Bb7 5. Nc3 d5 6. cxd5 Nxd5 7. Qc2 Nxc3 8. bxc3 Be7 9. e4 c5 10. Bb5+ Bc6 11. Bd3 Nd7 12. O-O {[%emt 0:00:25] LiveBook: 29 Games} h6 13. Bf4 O-O 14. Rfd1 cxd4 $14 15. cxd4 Rc8 16. Qe2 Bb7 17. h3 Nf6 18. d5 exd5 19. e5 Nh7 20. Nd4 Rc5 21. Qh5 Bg5 22. Bh2 g6 23. Qe2 Rc8 24. Kh1 Be7 25. Qg4 h5 26. Qg3 Bh4 27. Qe3 Re8 28. Nb5 Rc6 29. Nxa7 d4 30. Nxc6 Bxc6 31. Qe1 Qd5 1-0

[Event "WYCC 2018 G14"]
[Site "Halkidiki"]
[Date "2018.10.27"]
[Round "8"]
[White "Divya Deshmukh"]
[Black "Mrudul Dehankar"]
[Result "1-0"]
[ECO "A01"]
[WhiteElo "2180"]
[BlackElo "1996"]
[Annotator "NA"]
[PlyCount "145"]
[EventDate "2018.10.20"]
[EventType "swiss"]
[EventCountry "GRE"]
[SourceTitle "playchess.com"]
[Source "ChessBase"]
[SourceQuality "1"]
[TimeControl "40/5400+30:1800+30"]

1. b3 Nf6 2. Bb2 g6 3. e4 d6 4. g3 Bg7 5. Bg2 e5 $11 {[%emt 0:01:56] LiveBook: 14 Games} 6. Ne2 Nc6 7. d4 O-O 8. O-O a5 9. a4 Re8 10. dxe5 dxe5 11. Na3 Be6 12. Nb5 Qc8 13. Qc1 h5 14. Qg5 Nh7 15. Qe3 Nb4 16. Qc5 Nc6 17. f4 Bg4 18. Qf2 Bxe2 19. Qxe2 exf4 20. Bxg7 Kxg7 21. Rxf4 Re7 22. Raf1 Qe6 23. Nc3 Rd8 24. Qb5 b6 25. Kh1 Nd4 26. Qd3 Qe5 27. Nd5 Red7 28. Qc3 Re8 29. Bh3 f5 30. Ne3 Ne2 31. Qxe5+ Rxe5 32. R4f2 Ng5 33. Rxe2 Nxh3 34. exf5 Rf7 35. Kg2 Ng5 36. h4 Nh7 37. fxg6 Rxf1 38. Kxf1 Kxg6 39. Nc4 Rf5+ 40. Kg2 Nf6 41. Re6 Kf7 42. Re5 Rxe5 43. Nxe5+ Ke6 44. Nc4 Kf5 45. Kf3 Nd7 46. Ne3+ Ke5 47. g4 hxg4+ 48. Nxg4+ Kf5 49. Ne3+ Ke5 50. h5 Nf8 51. Kg4 Nh7 52. h6 Ke4 53. Nd1 Ke5 54. Kh5 Kf5 55. Ne3+ Ke4 56. Kg6 Nf8+ 57. Kg7 Ne6+ 58. Kf6 Nf8 59. Nd1 Kf3 60. Nc3 c6 61. Kf5 Ke3 62. Ne4 b5 63. Ng5 Kd2 64. Ne6 Nxe6 65. Kxe6 Kxc2 66. h7 Kxb3 67. h8=Q Kxa4 68. Kd6 b4 69. Kxc6 b3 70. Qa1+ Kb4 71. Kd5 a4 72. Kd4 a3 73. Qc3+ 1-0

[Event "WYCC 2018 G14"]
[Site "Halkidiki"]
[Date "2018.10.27"]
[Round "8"]
[White "Allahverdiyeva, Ayan"]
[Black "Kamalidenova, Meruert"]
[Result "0-1"]
[ECO "B90"]
[WhiteElo "2116"]
[BlackElo "1999"]
[Annotator "NA"]
[PlyCount "116"]
[EventDate "2018.10.20"]
[EventType "swiss"]
[EventCountry "GRE"]
[SourceTitle "playchess.com"]
[Source "ChessBase"]
[SourceQuality "1"]
[TimeControl "40/5400+30:1800+30"]

1. e4 c5 2. Nf3 d6 3. d4 cxd4 4. Nxd4 Nf6 5. Nc3 a6 6. Be3 e5 7. Nb3 Be7 8. f3 Be6 9. Qd2 O-O 10. O-O-O Nbd7 11. g4 b5 12. g5 Nh5 13. Nd5 Bxd5 14. exd5 f5 15. gxf6 Bxf6 16. Na5 Nf4 17. c4 bxc4 18. Nc6 Qe8 19. Bxc4 Bg5 20. h4 Bh6 21. Kb1 Qh5 22. Rdf1 Kh8 23. Ka1 Nf6 24. Qa5 Qf7 25. Bb6 Qb7 26. Bf2 Rfc8 27. Rc1 Ng6 28. Rc2 Ne7 29. Nb4 Bd2 30. Bxa6 Qxb4 31. Qxb4 Bxb4 32. Bxc8 Nxc8 33. Rd1 Ne7 34. Kb1 Nfxd5 35. a3 Ba5 36. b4 Bc7 37. Kb2 Kg8 38. Kb3 Kf7 39. Rc4 Ke6 40. a4 Rb8 41. Ka3 Bb6 42. Bxb6 Nxb6 43. Rg4 g6 44. Rc1 d5 45. a5 Nc4+ 46. Ka4 Nc6 47. Rgxc4 dxc4 48. b5 Nd4 49. b6 Kd5 50. Kb4 Ra8 51. Rd1 c3 52. b7 Rf8 53. a6 c2 54. Rc1 Kc6 55. f4 exf4 56. Kc4 Nf5 57. Kb4 Ne3 58. Ka5 f3 0-1

[Event "WYCC 2018 G14"]
[Site "Halkidiki"]
[Date "2018.10.27"]
[Round "8"]
[White "Wen, Yili"]
[Black "Nurgali, Nazerke"]
[Result "1-0"]
[ECO "A14"]
[WhiteElo "2083"]
[BlackElo "2263"]
[Annotator "NA"]
[PlyCount "109"]
[EventDate "2018.10.20"]
[EventType "swiss"]
[EventCountry "GRE"]
[SourceTitle "playchess.com"]
[Source "ChessBase"]
[SourceQuality "1"]
[TimeControl "40/5400+30:1800+30"]

1. Nf3 d5 2. c4 e6 3. g3 Nf6 4. Bg2 Be7 5. O-O O-O 6. d4 b6 7. cxd5 exd5 8. Nc3 Bb7 9. Bf4 Na6 10. Rc1 c5 11. a3 Re8 $11 {[%emt 0:05:34] LiveBook: 6 Games} 12. Qc2 Qd7 13. dxc5 Bxc5 14. b4 Bd6 15. Bxd6 Qxd6 16. Rfd1 Qe7 17. e3 Nc7 18. Qb3 Red8 19. Nd4 g6 20. Ncb5 Nxb5 21. Nxb5 a6 22. Rc7 Rd7 23. Rxd7 Qxd7 24. Nc3 Rd8 25. Nxd5 Nxd5 26. e4 Bc6 27. Qf3 Ba4 28. Rxd5 Qc7 29. Qf4 Qc8 30. Qd2 Re8 31. h4 Qc7 32. h5 Qe7 33. Qd4 Bb3 34. Rd7 Qg5 35. Qxb6 Qxh5 36. Rd8 Rxd8 37. Qxd8+ Kg7 38. Qd4+ Kg8 39. Qd3 Ba4 40. Qxa6 Bb5 41. Qc8+ Kg7 42. Qc3+ Kg8 43. Bf3 Qh3 44. Qe1 h5 45. Qd1 Bd7 46. Bg2 Qe6 47. a4 h4 48. gxh4 Bc6 49. b5 Be8 50. Qd5 Qc8 51. a5 Qc1+ 52. Bf1 Qf4 53. a6 Qc7 54. Qb7 Qf4 55. Qc8 1-0

[Event "WYCC 2018 G14"]
[Site "Halkidiki"]
[Date "2018.10.27"]
[Round "8"]
[White "Dylag, Emilia"]
[Black "Zhu, Evelyn"]
[Result "0-1"]
[ECO "D10"]
[WhiteElo "2059"]
[BlackElo "1926"]
[Annotator "NA"]
[PlyCount "96"]
[EventDate "2018.10.20"]
[EventType "swiss"]
[EventCountry "GRE"]
[SourceTitle "playchess.com"]
[Source "ChessBase"]
[SourceQuality "1"]
[TimeControl "40/5400+30:1800+30"]

1. d4 d5 2. c4 c6 3. cxd5 cxd5 4. Nc3 Nf6 5. Bf4 Nc6 6. e3 a6 7. Bd3 $11 {[%emt 0:00:50] LiveBook: 1273 Games} e6 8. Nge2 Bd6 9. Rc1 O-O 10. O-O h6 11. a3 Bxf4 12. Nxf4 Qd6 13. Bb1 Nd7 14. b4 Ne7 15. Qc2 f5 16. Na4 Nc6 17. Rfd1 g5 18. Ne2 Nf6 19. Qc5 Qc7 20. Nb6 Rb8 21. a4 Ng4 22. g3 Qf7 23. h3 Nf6 24. Kg2 Ne4 25. Qc2 Nxb4 26. Qb2 Nc6 27. Nxd5 exd5 28. f3 Bd7 29. fxe4 fxe4 30. Rf1 Qe6 31. Ng1 Na5 32. Ba2 b5 33. Rxf8+ Rxf8 34. Rf1 Rxf1 35. Kxf1 bxa4 36. Qb8+ Kg7 37. g4 Nc4 38. Ke2 Qf7 39. Bxc4 dxc4 40. Qe5+ Qf6 41. Qxe4 a3 42. Qc2 Bc6 43. Qc3 a2 44. Ke1 Bg2 45. Kd2 Qf2+ 46. Ne2 Bf1 47. d5+ Kf7 48. Qxc4 Qxe2+ 0-1

[Event "WYCC 2018 G14"]
[Site "Halkidiki"]
[Date "2018.10.27"]
[Round "8"]
[White "Mehmed, Elif"]
[Black "Zhou, Iris"]
[Result "1-0"]
[ECO "B13"]
[WhiteElo "2049"]
[BlackElo "1779"]
[Annotator "NA"]
[PlyCount "107"]
[EventDate "2018.10.20"]
[EventType "swiss"]
[EventCountry "GRE"]
[SourceTitle "playchess.com"]
[Source "ChessBase"]
[SourceQuality "1"]
[TimeControl "40/5400+30:1800+30"]

1. e4 c6 2. d4 d5 3. exd5 cxd5 4. c4 Nf6 5. Nc3 Nc6 6. Bg5 dxc4 7. Bxc4 h6 8. Be3 e6 $11 9. Nf3 Be7 10. O-O O-O 11. Qe2 Nb4 12. Ne5 a6 13. Bb3 Nbd5 14. Rac1 b5 15. Nxd5 Nxd5 16. Nc6 Qd7 17. Bxd5 exd5 18. Bxh6 Bf6 19. Bf4 Bb7 20. Na5 Rac8 21. Qd3 Rfe8 22. Rfe1 Ba8 23. f3 Re6 24. Rxc8+ Qxc8 25. Rc1 Qe8 26. Kf2 Bh4+ 27. g3 Bf6 28. Nb3 Be7 29. Rc7 Bb4 30. a3 Bf8 31. Qc2 Bc6 32. Na5 Bd7 33. Rb7 b4 34. Rb8 Qe7 35. a4 b3 36. Nxb3 Bxa4 37. Qc5 Re2+ 38. Kg1 Re1+ 39. Kg2 Re2+ 40. Kh3 Qe6+ 41. g4 Be8 42. Qc8 Qe7 43. Qd8 Qxd8 44. Rxd8 f6 45. Nc1 Re6 46. Rxd5 Bc6 47. Rd8 Bxf3 48. d5 Rb6 49. Bc7 Rb7 50. d6 Kf7 51. Rxf8+ Kxf8 52. d7 Bxg4+ 53. Kxg4 Rb4+ 54. Kf3 1-0

[Event "WYCC 2018 G14"]
[Site "Halkidiki"]
[Date "2018.10.27"]
[Round "8"]
[White "Dhyana Patel"]
[Black "Tien, Sophie"]
[Result "1-0"]
[ECO "C68"]
[WhiteElo "2002"]
[BlackElo "1648"]
[Annotator "NA"]
[PlyCount "115"]
[EventDate "2018.10.20"]
[EventType "swiss"]
[EventCountry "GRE"]
[SourceTitle "playchess.com"]
[Source "ChessBase"]
[SourceQuality "1"]
[TimeControl "40/5400+30:1800+30"]

1. e4 e5 2. Nf3 Nc6 3. Bb5 a6 4. Bxc6 dxc6 5. O-O Bg4 6. h3 h5 7. d3 {[%emt 0:00:25] LiveBook: 688 Games} ({Much weaker is} 7. hxg4 hxg4 8. g3 gxf3 $17) 7... Qf6 8. Be3 Ne7 9. Nbd2 Bxf3 10. Qxf3 $11 Qe6 11. Nb3 Ng6 12. d4 O-O-O 13. Rfd1 Be7 14. dxe5 Nxe5 15. Rxd8+ Bxd8 16. Qe2 Be7 17. Nd4 Qc4 18. Kf1 Qxe2+ 19. Kxe2 Nc4 20. Rb1 Nxe3 21. Kxe3 Bf6 22. Nf3 Re8 23. c3 c5 24. Rd1 c6 25. Kf4 b5 26. e5 Be7 27. Rd3 c4 28. Rd2 c5 29. Ke4 Kc7 30. Ne1 g6 31. f4 f5+ 32. Kf3 h4 33. Nc2 Rd8 34. Rxd8 Bxd8 35. Ne3 Kd7 36. g4 hxg3 37. Kxg3 Ke6 38. h4 a5 39. a4 b4 40. Nxc4 bxc3 41. bxc3 Kf7 42. Nd6+ Ke6 43. c4 Be7 44. Nb7 Kd7 45. Nxa5 Kc7 46. Nb3 Kb6 47. a5+ Kb7 48. Nc1 Ka6 49. Ne2 Kxa5 50. Nc3 Ka6 51. Nd5 Bd8 52. e6 Ka5 53. e7 Bxe7 54. Nxe7 Kb4 55. Nxg6 Kxc4 56. h5 Kd3 57. h6 c4 58. Ne5+ 1-0

[Event "WYCC 2018 G14"]
[Site "Halkidiki"]
[Date "2018.10.27"]
[Round "8"]
[White "Eizaguerri Floris, Maria"]
[Black "Song, Yuxin"]
[Result "1/2-1/2"]
[ECO "B51"]
[WhiteElo "1987"]
[BlackElo "2178"]
[Annotator "NA"]
[PlyCount "82"]
[EventDate "2018.10.20"]
[EventType "swiss"]
[EventCountry "GRE"]
[SourceTitle "playchess.com"]
[Source "ChessBase"]
[SourceQuality "1"]
[TimeControl "40/5400+30:1800+30"]

1. e4 c5 2. Nf3 d6 3. Bb5+ Nd7 4. Ba4 Ngf6 5. O-O a6 6. c4 Nxe4 7. Re1 Nef6 8. d4 cxd4 9. Nxd4 g6 10. Bf4 e5 11. Nf3 Be7 12. c5 dxc5 13. Nxe5 O-O 14. Bh6 Nxe5 15. Bxf8 Qxf8 16. Rxe5 Bd6 17. Re1 b5 18. Bc2 Bb7 19. Nc3 Rd8 20. Qc1 Bc7 21. Be4 Bc8 22. Qg5 Ng4 23. g3 Be5 24. h3 h6 25. Qc1 Nf6 26. Bg2 Nd7 27. Qc2 Qg7 28. Rac1 Bd4 29. Rcd1 Ne5 30. Ne4 c4 31. b3 Nd3 32. Rf1 f5 33. Nd2 Nb4 34. Qc1 Nxa2 35. Qa3 Nc3 36. Rde1 cxb3 37. Nxb3 Bf6 38. Nc5 Qf7 39. Nxa6 Be6 40. Re3 Nd5 41. Rd3 Rc8 1/2-1/2

[Event "WYCC 2018 G14"]
[Site "Halkidiki"]
[Date "2018.10.27"]
[Round "8"]
[White "Matus, Nastassja"]
[Black "Caglar, Sila"]
[Result "0-1"]
[ECO "A48"]
[WhiteElo "1983"]
[BlackElo "2184"]
[Annotator "NA"]
[PlyCount "144"]
[EventDate "2018.10.20"]
[EventType "swiss"]
[EventCountry "GRE"]
[SourceTitle "playchess.com"]
[Source "ChessBase"]
[SourceQuality "1"]
[TimeControl "40/5400+30:1800+30"]

1. d4 Nf6 2. Nf3 g6 3. Bf4 c5 4. e3 Bg7 5. h3 Qb6 6. Qc1 O-O 7. c3 d5 8. Be2 Nc6 9. O-O Bf5 10. Nbd2 Rac8 11. Nb3 cxd4 12. exd4 Ne4 13. Qe3 a5 14. Nfd2 Rfe8 15. Nxe4 Bxe4 16. Qd2 e5 17. dxe5 Nxe5 18. Be3 Qc7 19. Nc5 Rcd8 20. Nxe4 dxe4 21. Qc2 Nc4 22. Bxc4 Qxc4 23. Rfd1 Rd3 24. Rd2 Red8 25. Rad1 h5 26. Qb3 b5 27. Qxc4 bxc4 28. Kf1 a4 29. a3 f5 30. Ke2 Be5 31. Rxd3 cxd3+ 32. Kd2 Rb8 33. Kc1 Kf7 34. h4 Ke6 35. g3 Rb7 36. Re1 Kd5 37. Rd1 Kc4 38. Bg5 Kb3 39. Kb1 Bg7 40. Bf4 Kc4 41. Kc1 Bf6 42. Bd2 Be7 43. Bf4 Bc5 44. Rf1 Re7 45. Be3 Bxe3+ 46. fxe3 Rg7 47. Rf2 g5 48. Rxf5 gxh4 49. gxh4 Rg1+ 50. Kd2 Rg2+ 51. Kc1 d2+ 52. Kc2 d1=Q+ 53. Kxd1 Rxb2 54. Rxh5 Rb3 55. Rh8 Rxa3 56. h5 Kd3 57. Rd8+ Kxe3 58. h6 Ra1+ 59. Kc2 Ra2+ 60. Kc1 Rh2 61. Ra8 Rxh6 62. Rxa4 Kf3 63. Ra8 e3 64. Rf8+ Ke2 65. Kc2 Ke1 66. c4 e2 67. c5 Rh5 68. Rc8 Re5 69. Rh8 Rxc5+ 70. Kb2 Re5 71. Kc2 Kf2 72. Rf8+ Ke3 0-1

[Event "WYCC 2018 G14"]
[Site "Halkidiki"]
[Date "2018.10.27"]
[Round "8"]
[White "Stepanyan, Eva"]
[Black "Jyothsna L"]
[Result "1/2-1/2"]
[ECO "C06"]
[WhiteElo "1981"]
[BlackElo "2060"]
[Annotator "NA"]
[PlyCount "82"]
[EventDate "2018.10.20"]
[EventType "swiss"]
[EventCountry "GRE"]
[SourceTitle "playchess.com"]
[Source "ChessBase"]
[SourceQuality "1"]
[TimeControl "40/5400+30:1800+30"]

1. e4 e6 2. d4 d5 3. Nd2 Nf6 4. e5 Nfd7 5. Bd3 c5 6. c3 Nc6 7. Ne2 cxd4 8. cxd4 f6 9. exf6 Nxf6 10. Nf3 Bd6 11. O-O Qc7 12. h3 O-O {[%emt 0:01:21] LiveBook: 126 Games} 13. Be3 $14 Bd7 14. Re1 Rae8 15. Nc3 a6 16. Rc1 Qb8 17. Qd2 Re7 18. a3 Be8 19. Qc2 Bf4 20. Bxf4 Qxf4 21. Ne2 Qb8 22. Ng3 Qf4 23. Rcd1 Kh8 24. Re3 Nh5 25. Nxh5 Bxh5 26. Rde1 Bxf3 27. Rxf3 Qb8 28. Rxf8+ Qxf8 29. Bxh7 Nxd4 30. Qd1 Nf3+ 31. gxf3 Kxh7 32. Qd3+ g6 33. Qd4 Qg7 34. Qh4+ Kg8 35. Rc1 Rf7 36. Qg4 Qf6 37. Re1 Qxf3 38. Qxf3 Rxf3 39. Rxe6 Rxh3 40. Rxg6+ Kf8 41. Rd6 Rb3 1/2-1/2